 Dungeon Crawl Stone Soup version 0.26-a0-682-g294304f6e8 (webtiles) character file.

Game seed: 5309421691219309672

111 Forecaster the Magician (level 4, -14/38 HPs)
             Began as a Naga Hedge Wizard on Oct 20, 2020.
             Demolished by an ogre
             ... wielding the cursed +2 great mace of Painful Death {elec, rElec}
              (18 damage)
             ... on level 3 of the Dungeon.
             The game lasted 00:13:29 (3399 turns).

Forecaster the Magician (Naga Hedge Wizard)         Turns: 3399, Time: 00:13:29

Health: -14/38     AC:  2    Str: 12    XL:     4   Next: 92%
Magic:  0/10       EV: 10    Int: 14    God:
Gold:   121        SH:  0    Dex: 12    Spells: 4/11 levels left

rFire    . . .     SeeInvis +   a - +0 dagger
rCold    . . .     Faith    .   (no shield)
rNeg     . . .     Spirit   .   b - +0 robe
rPois    +         Reflect  .   c - +0 hat
rElec    .         Harm     .   (no cloak)
rCorr    .         Rampage  .   (no gloves)
MR       .....                  (no barding)
Stlth    ++........             o - amulet of regeneration
HPRegen  0.52/turn              (no ring)
MPRegen  0.12/turn              (no ring)

@: very slow
A: large, see invisible, deformed body, poison resistance, slowness 2, spit
poison 1, AC +1
a: Spit Poison


You were on level 3 of the Dungeon.
You visited 1 branch of the dungeon, and saw 3 of its levels.

You collected 121 gold pieces.

Inventory:

Hand Weapons
 a - a +0 dagger (weapon)
 e - a +0 dagger
 r - a +0 dagger
Missiles
 q - 5 poisoned darts (quivered)
Armour
 b - a +0 robe (worn)
 c - a +0 hat (worn)
Jewellery
 o - an amulet of regeneration (around neck)
Scrolls
 d - 2 scrolls of enchant weapon {unknown}
 f - a scroll of teleportation
 g - 2 scrolls of remove curse {unknown}
 h - a scroll of blinking {unknown}
 i - 2 scrolls of identify {unknown}
 l - a scroll of magic mapping {unknown}
 m - a scroll of noise {unknown}
 n - a scroll of fog {unknown}
Potions
 j - 2 potions of curing
 k - a potion of stabbing {unknown}
 p - a potion of flight {unknown}
 s - a potion of degeneration {unknown}


   Skills:
 + Level 1.0 Fighting
 + Level 0.4 Short Blades
 + Level 1.8 Dodging
 + Level 4.1 Stealth
 + Level 4.1 Spellcasting
 + Level 1.6 Conjurations
 + Level 1.4 Summonings
 + Level 1.0 Translocations


You had 4 spell levels left.
You knew the following spells:

 Your Spells              Type           Power        Failure   Level
a - Magic Dart            Conj           #...         10%         1
b - Call Imp              Summ           #.......     16%         2
c - Blink                 Tloc           N/A          19%         2
d - Slow                  Hex            #.......     28%         2

Your spell library contained the following spells:

 Spells                   Type           Power        Failure   Level
 Conjure Flame            Conj/Fire      #.......     38%         3
 Mephitic Cloud           Conj/Pois/Air  #.......     43%         3


Dungeon Overview and Level Annotations

Branches:
Dungeon (3/15)

Altars:
Okawaru
Uskayaw

Annotations:
D:3 1 transporter, ANON1729's ghost, amateur MiWn


Innate Abilities, Weirdness & Mutations

You cannot wear boots.
Your serpentine skin is tough. (AC +1)
You have supernaturally acute eyesight. (SInv)
Armour fits poorly on your strangely shaped body.
Your system is resistant to poisons. (rPois)
You cover ground very slowly.
You can spit poison.


Message History

You hit the ogre but do no damage.
Your crimson imp hits the ogre.
The ogre hits you with a +0 giant club! The ogre misses your crimson imp.
Your shadow imp barely misses ANON1729's ghost.
You hit the ogre.
The ogre is lightly wounded.
Your crimson imp hits the ogre but does no damage.
The ogre hits your crimson imp with a +0 giant club!!
Your crimson imp dies!
The ogre hits you with a +0 giant club!!
Ouch! That really hurt!
* * * LOW HITPOINT WARNING * * *
Casting: Call Imp (safe; 16% risk of failure)
Confirm with . or Enter, or press ? or * to list all spells.
You blink.
The ogre closely misses you.
You feel better.
The ogre hits you with the cursed +2 great mace of Painful Death {elec, rElec}!
* * * LOW HITPOINT WARNING * * *
You are electrocuted!!
You die...

##### #...# ###...#
########....# #
######...@..#....# ###
#....#..##O.#....#
..######....#.#..#.#....#
............#.#W5#.#....#
............#.O##..#©...#
.############O....}#....#
.# #..##.[#©...# .#
#.#O.#.#.#.## .#
#.#..#.#.#.#


You could see an ogre.

Vanquished Creatures
  3 dart slugs
  3 orcs (D:3)
  5 giant cockroaches
  5 goblins
  7 hobgoblins
  2 quokkas
  7 bats (D:1)
  2 frilled lizards
  A jackal zombie (D:3)
  5 kobolds
  7 rats
47 creatures vanquished.

Vanquished Creatures (collateral kills)
  An orc priest (D:3)
  Terence (D:3)
  7 orcs
  A bat (D:2)
  A giant cockroach (D:3)
  A goblin (D:2)
  A hobgoblin (D:2)
  A quokka (D:2)
  A frilled lizard (D:2)
  3 kobolds
18 creatures vanquished.

Grand Total: 65 creatures vanquished

Notes
Turn   | Place    | Note
-------+----------+-------------------------------------------
     0 | D:1      | Forecaster the Naga Hedge Wizard began the quest for the
                  | Orb.
     0 | D:1      | Reached XP level 1. HP: 15/15 MP: 4/4
   330 | D:1      | Reached XP level 2. HP: 7/22 MP: 4/6
  1171 | D:1      | Reached XP level 3. HP: 28/28 MP: 0/8
  1833 | D:2      | Learned a level 2 spell: Call Imp
  1836 | D:2      | Learned a level 2 spell: Blink
  1839 | D:2      | Learned a level 2 spell: Slow
  2308 | D:2      | Found a hide-covered altar of Uskayaw.
  2699 | D:3      | Reached XP level 4. HP: 28/37 MP: 2/9
  2734 | D:3      | Found a faded altar of an unknown god.
  3054 | D:3      | Found an iron altar of Okawaru.
  3123 | D:3      | Noticed Terence
  3157 | D:3      | Killed Terence
  3157 | D:3      | Reached skill level 1 in Fighting
  3248 | D:3      | Found a transporter.
  3249 | D:3      | Noticed ANON1729's ghost (amateur MiWn)
  3249 | D:3      | Identified the cursed +2 great mace of Painful Death {elec,
                  | rElec}
  3249 | D:3      | Noticed an ogre
  3249 | D:3      | Noticed an ogre
  3250 | D:3      | Found a transporter.
  3250 | D:3      | Noticed an ogre
  3399 | D:3      | Demolished by an ogre

Illustrated notes

Levels and vault maps discovered:
D:1:      lightli_arrival_maybe_door_vault, layout_loops_ring
D:2:      layout_rooms, nicolae_overflow_crystal_walls
D:3:      layout_rooms, lemuel_round_altar, chequers_ecumenical_altar_simple,
          gammafunk_ghost_smash, ebering_dispersal_statue_hall, uniq_terence

Skill      XL: |  1  2  3  4 |
---------------+-------------+-----
Stealth        | 4 |  4.1
Spellcasting   | 4 |  4.1
Fighting       | 1 |  1.0
Short Blades   | |  0.4
Dodging        | |  1.8
Conjurations   | |  1.6
Summonings     | |  1.4
Translocations | |  1.0

Action                   |  1- 3 |  4- 6 || total
-------------------------+-------+-------++-------
Melee: Dagger            |   108 |    86 ||   194
 Cast: Magic Dart        |    48 |     2 ||    50
       Call Imp          |    12 |    15 ||    27
       Blink             |       |     1 ||     1
  Use: Scroll            |     1 |     1 ||     2
       Potion            |     1 |     1 ||     2
 Stab: Sleeping          |     5 |       ||     5
       Distracted        |     1 |     2 ||     3
Armor: Robe              |    25 |     8 ||    33
Dodge: Dodged            |    73 |    32 ||   105

Table legend: (Time is in decaauts)
 A = Elapsed time spent in this place.
 B = Non-inter-level travel time spent in this place.
 C = Inter-level travel time spent in this place.
 D = Time resting spent in this place.
 E = Time spent auto-exploring this place.
 F = Levels seen in this place.
 G = Mean time per level.
                   A        B        C        D        E       F      G
               +--------+--------+--------+--------+--------+-----+--------+
         Total |   3940 |   3855 |     85 |   1085 |   1821 |   3 | 1313.3 |
       Dungeon |   3940 |   3855 |     85 |   1085 |   1821 |   3 | 1313.3 |
               +--------+--------+--------+--------+--------+-----+--------+

Top non-repeatable levels by time:
     D:1: 1764 daAuts
     D:3: 1175 daAuts
     D:2: 1000 daAuts
